 Dungeon Crawl Stone Soup version 0.20-a0-270-g8e735b6 (webtiles) character file.

260 Leibowitz the Ducker (level 5, -7/42 HPs)
             Began as a Demigod Gladiator on Dec 10, 2016.
             Killed by divine providence
             ... invoked by an orc priest
              (12 damage)
             ... on level 3 of the Dungeon.
             The game lasted 00:07:52 (2890 turns).

Leibowitz the Ducker (Demigod Gladiator)            Turns: 2890, Time: 00:07:52

Health: -7/42      AC:  4    Str: 18    XL:     5   Next: 63%
Magic:  7/7        EV: 14    Int: 12    God:
Gold:   112        SH:  0    Dex: 21    Spells: 4/4 levels left

rFire  . . .     SeeInvis .     a - +0 rapier
rCold  + . .     Gourm    .     b - +0 leather armour
rNeg   . . .     Faith    .     (no shield)
rPois  .         Spirit   .     c - +0 helmet
rElec  .         Reflect  .     (no cloak)
rCorr  .         Harm     .     (no gloves)
MR     .....                    (no boots)
Stlth  ++........               (no amulet)
                                s - +3 ring of dexterity
                                q - ring of protection from cold

@: no status effects
A: high mp 1
a: no special abilities


You were on level 3 of the Dungeon.
You were not hungry.

You visited 1 branch of the dungeon, and saw 3 of its levels.

You collected 112 gold pieces.

Inventory:

Hand Weapons
 a - a +0 rapier (weapon)
Missiles
 d - a throwing net (quivered)
 o - 6 javelins
 x - 11 poisoned needles
 A - 2 needles of confusion
Armour
 b - a +0 leather armour (worn)
 c - a +0 helmet (worn)
Jewellery
 q - a ring of protection from cold (left hand)
 s - a +3 ring of dexterity (right hand)
 z - a +3 ring of intelligence
Wands
 w - a wand of lightning (9/15)
Scrolls
 g - 3 scrolls of teleportation {unknown}
 h - 7 scrolls of identify {unknown}
 i - a scroll of fear {unknown}
 l - 4 scrolls of noise {unknown}
 n - 6 scrolls of remove curse {unknown}
 v - 2 scrolls of immolation {unknown}
 y - a scroll of magic mapping {unknown}
Potions
 e - a potion of cure mutation {unknown}
 k - a potion of flight {unknown}
 m - a potion of magic {unknown}
 p - a potion of curing
 r - 2 potions of degeneration {unknown}
 B - 2 potions of cancellation {unknown}
 D - 2 potions of brilliance {unknown}
Comestibles
 f - 3 bread rations
 j - a beef jerky
 t - a slice of pizza
 u - a meat ration
 C - a chunk of flesh


   Skills:
 * Level 2.4 Fighting
 + Level 3.8 Short Blades
 + Level 2.0 Throwing
 + Level 1.8 Armour
 * Level 3.9 Dodging
 * Level 2.2 Stealth


You had 4 spell levels left.
You didn't know any spells.

Dungeon Overview and Level Annotations

Branches:
Dungeon (3/15)


Innate Abilities, Weirdness & Mutations

You have an increased reservoir of magic. (+10% MP)


Message History

You closely miss the orc. The orc hits you with a short sword.
You hit the orc but do no damage. The orc closely misses you.
You hit the orc but do no damage.
The orc priest invokes the aid of Beogh against you.
Beogh smites you!
* * * LOW HITPOINT WARNING * * *
The orc barely misses you.
You hear a shout!
It was a potion of curing.
You feel better. The orc barely misses you.
You hit the orc.
The orc is heavily wounded.
The orc priest hits you with a hand axe of electrocution!
* * * LOW HITPOINT WARNING * * *
The orc hits you with a short sword.
* * * LOW HITPOINT WARNING * * *
The orc priest calls upon Beogh to heal the orc.
The orc's wounds heal themselves!
The orc priest mumbles some strange prayers to Beogh against you.
Beogh smites you!
You die...

####...##### .#
###...).## #### .#
#####..###..# .#
##......# .# #......#
.# ######o###..#######
.#
##.................#
.#
##.......o.....####.##
.# #.....(....o.@..#
#..#
.###...........).<.#
##.##
..##...............#
#..#
#.#.............<..#
##.##
#.#................#
#..#
...................#
##.#
.#.##.............##
#.#
.#..)............##
#.# #####.#...########
#.#


You could see 2 orc priests and an orc.

Vanquished Creatures
  Sigmund (D:2)
  3 adders
  A dart slug (D:1)
  3 leopard geckos
  3 orcs (D:3)
  3 ball pythons
  2 giant cockroaches
  9 goblins
  5 hobgoblins
  6 jackals
  A quokka (D:2)
  12 bats
  2 frilled lizards
  9 kobolds
  10 rats
70 creatures vanquished.

Notes
Turn   | Place    | Note
-------+----------+-------------------------------------------
     0 | D:1      | Leibowitz the Demigod Gladiator began the quest for the Orb.
     0 | D:1      | Reached XP level 1. HP: 17/17 MP: 3/3
   156 | D:1      | Reached XP level 2. HP: 22/24 MP: 4/4
   450 | D:1      | Reached skill level 1 in Stealth
   818 | D:2      | Reached XP level 3. HP: 15/29 MP: 5/5
  1176 | D:2      | Noticed Sigmund
  1867 | D:2      | Killed Sigmund
  1867 | D:2      | Reached skill level 1 in Armour
  1867 | D:2      | Reached XP level 4. HP: 6/36 MP: 6/6
  1867 | D:2      | Reached XP level 5. HP: 7/41 MP: 7/7
  2890 | D:3      | Killed from afar by an orc priest

Vault maps used:
D:1:      dpeg_arrival_subterranean_lakeside_camping, grunt_decor_one_mirror,
          minmay_misc_feat_rows, st_stairs_11
D:2:      first_bread, fountainhead, uniq_sigmund

Skill      XL: |  1  2  3 |
---------------+----------+-----
Dodging        | 3 |  3.9
Stealth        | 1 2 |  2.2
Short Blades   | 3 |  3.8
Fighting       | 2 |  2.4
Throwing       | 2 |  2.0
Armour         | 1 |  1.8

Action                   |  1- 3 |  4- 6 || total
-------------------------+-------+-------++-------
Melee: Rapier            |   135 |    88 ||   223
Throw: Throwing net      |     5 |       ||     5
  Use: Potion            |       |     1 ||     1
 Stab: Sleeping          |     3 |     6 ||     9
       Held in net/web   |     1 |       ||     1
  Eat: Chunk             |     3 |     3 ||     6
Armor: Leather armour    |    36 |    31 ||    67
Dodge: Dodged            |   102 |    72 ||   174
